[Event "Slovenian chT 2019"]
[Site "Slovenia"]
[Date "2019.12.21"]
[Round "8"]
[White "Cigan, Stefan"]
[Black "Slibar, Matjaz"]
[Result "1/2-1/2"]
[ECO "B48"]
[WhiteElo "2318"]
[BlackElo "2188"]
[Annotator "NA"]
[PlyCount "111"]
[EventDate "2019.??.??"]
[EventCountry "SLO"]
[SourceTitle "playchess.com"]
[Source "ChessBase"]
[SourceQuality "1"]
[TimeControl "40/5400+30:1800+30"]

1. e4 c5 2. Nf3 e6 3. d4 cxd4 4. Nxd4 Nc6 5. Nc3 Qc7 6. Be3 a6 7. Qf3 Nf6 8. O-O-O d6 9. Be2 h5 10. Bg5 Be7 $16 11. Rhe1 Bd7 12. Qg3 O-O-O 13. f4 Nxd4 14. Rxd4 Bc6 15. Bf3 Ne8 16. Nd5 Bxd5 17. Bxe7 Bxe4 18. Bxe4 Qxe7 19. Qc3+ Nc7 20. Qb4 Nb5 21. Rd3 Qc7 22. Rb3 d5 23. Bd3 Na7 24. Qa4 Rd6 25. Qd4 Nc6 26. Qxg7 Rdd8 27. g3 h4 28. a3 Rhg8 29. Qf6 hxg3 30. hxg3 Rxg3 31. Rf1 Rdg8 32. Kb1 Rg1 33. Rxg1 Rxg1+ 34. Ka2 Rg4 35. f5 e5 36. Rc3 Rg3 37. Qh8+ Kd7 38. Qf8 Qd6 39. Qxf7+ Kc8 40. Bxa6 Rxc3 41. Qxb7+ Kd8 42. bxc3 Ne7 43. a4 e4 44. Qa8+ Kc7 45. Qb7+ Kd8 46. Qa8+ Kc7 47. Qb7+ Kd8 48. a5 Nxf5 49. Qc8+ Ke7 50. Qxf5 Qxa6 51. Qxd5 Qe2 52. Kb2 e3 53. c4 Qd2 54. Qe5+ Kf7 55. a6 e2 56. a7 1/2-1/2

[Event "Slovenian chT 2019"]
[Site "Slovenia"]
[Date "2019.12.21"]
[Round "8"]
[White "Kastelic, Marian"]
[Black "Mikhalchishin, Adrian"]
[Result "1-0"]
[ECO "D05"]
[WhiteElo "2248"]
[BlackElo "2466"]
[Annotator "RC"]
[PlyCount "84"]
[EventDate "2019.??.??"]
[EventCountry "SLO"]
[SourceTitle "playchess.com"]
[Source "ChessBase"]
[SourceQuality "1"]
[TimeControl "40/5400+30:1800+30"]

1. d4 Nf6 2. Nf3 e6 3. e3 c5 4. Bd3 d5 5. b3 Nc6 6. a3 Bd6 7. Bb2 O-O 8. Nbd2 b6 9. O-O Bb7 10. Ne5 Ne7 11. Qe2 Ne4 12. Bxe4 dxe4 13. dxc5 bxc5 14. Nec4 Bc7 15. Rfd1 Qb8 16. Qh5 Bd5 17. Ne5 g6 18. Ng4 f6 19. Bxf6 Rxf6 20. Nxf6+ Kf7 21. Qxh7+ Kxf6 22. c4 Bc6 23. Nxe4+ Bxe4 24. Qh4+ g5 25. Qxe4 Bxh2+ 26. Kf1 Be5 27. Rab1 Qh8 28. Rd7 g4 29. Rbd1 Rg8 30. Rxa7 Nf5 31. Ke2 Qh5 32. Rdd7 Nd6 33. Qc6 Rc8 34. Rac7 Rxc7 35. Qxc7 g3+ 36. f3 Qh1 37. Qd8+ Kf5 38. Qf8+ Kg6 39. Qg8+ Kf6 40. Qg7+ Kf5 41. e4+ Nxe4 42. fxe4+ Kf4 1-0

[Event "Slovenian chT 2019"]
[Site "Slovenia"]
[Date "2019.12.21"]
[Round "8"]
[White "Suta, Andraz"]
[Black "Trbojevic, Mladen"]
[Result "1/2-1/2"]
[ECO "C95"]
[WhiteElo "2242"]
[BlackElo "2335"]
[Annotator "NA"]
[PlyCount "113"]
[EventDate "2019.??.??"]
[EventCountry "SLO"]
[SourceTitle "playchess.com"]
[Source "ChessBase"]
[SourceQuality "1"]
[TimeControl "40/5400+30:1800+30"]

1. e4 e5 2. Nf3 Nc6 3. Bb5 a6 4. Ba4 Nf6 5. O-O Be7 6. Re1 b5 7. Bb3 d6 8. c3 O-O 9. h3 Nb8 10. d4 Nbd7 11. Nbd2 Bb7 12. Bc2 Re8 13. Nf1 Bf8 14. Ng3 g6 15. a4 c5 16. d5 c4 17. Bg5 Nc5 18. Qd2 Be7 19. Bh6 $11 Nfd7 20. Nh2 Nxa4 21. Bxa4 bxa4 22. Rxa4 a5 23. Be3 Ba6 24. Ra3 h5 25. Qe2 Nf6 26. Nf3 Qc7 27. Nd2 Reb8 28. Rea1 Bb5 29. f4 exf4 30. Bxf4 Re8 31. Qf2 Bf8 32. Be3 Nd7 33. Nf3 Bg7 34. Nd4 Reb8 35. Nf3 a4 36. Rf1 Ne5 37. Ng5 Re8 38. Qe2 h4 39. Nh5 Qe7 40. Nxg7 Kxg7 41. Bf4 Kg8 42. Qf2 f6 43. Ne6 Bd7 44. Nc7 Nd3 45. Qxh4 g5 46. Qg3 Qxe4 47. Bxd6 Kg7 48. Raa1 Rab8 49. Nxe8+ Rxe8 50. Qf3 Qxf3 51. Rxf3 Re2 52. Raf1 f5 53. Ba3 f4 54. R3f2 Nxf2 55. Rxf2 Re1+ 56. Rf1 Re2 57. Rf2 1/2-1/2

[Event "Slovenian chT 2019"]
[Site "Slovenia"]
[Date "2019.12.21"]
[Round "8"]
[White "Zupe, Miran"]
[Black "Murko, David"]
[Result "1/2-1/2"]
[ECO "A37"]
[WhiteElo "2236"]
[BlackElo "2170"]
[Annotator "NA"]
[PlyCount "82"]
[EventDate "2019.??.??"]
[EventCountry "SLO"]
[SourceTitle "playchess.com"]
[Source "ChessBase"]
[SourceQuality "1"]
[TimeControl "40/5400+30:1800+30"]

1. Nf3 c5 2. c4 g6 3. Nc3 Bg7 4. g3 Nc6 5. Bg2 e5 6. O-O Nge7 7. Ne1 O-O 8. Nc2 d6 9. Ne3 Be6 10. Ned5 Qd7 11. d3 Bxd5 (11... Bh3 $11) 12. Nxd5 $11 Nxd5 13. Bxd5 Ne7 14. Bg2 h6 15. Rb1 Rab8 16. b4 b6 17. Qb3 Rfd8 18. Bd2 Bf8 19. Rfc1 Rbc8 20. b5 d5 21. cxd5 Nxd5 22. Bxd5 Qxd5 23. Qxd5 Rxd5 24. Rc4 Re8 25. f3 Bg7 26. Be3 f5 27. Rb3 e4 28. dxe4 fxe4 29. f4 Rd1+ 30. Kf2 Re7 31. Ra3 Rb1 32. Rb3 Rd1 33. Ra3 Rb1 34. Rb3 Rd1 35. Ra3 Rb1 36. Rca4 Rxb5 37. Rxa7 Bd4 38. Rxe7 Bg7 39. Rea7 c4 40. Rc7 c3 41. Rc4 Rb2 1/2-1/2

[Event "Slovenian chT 2019"]
[Site "Slovenia"]
[Date "2019.12.21"]
[Round "8"]
[White "Urbanc, Peter"]
[Black "Srebrnic, Ana"]
[Result "1-0"]
[ECO "A42"]
[WhiteElo "2212"]
[BlackElo "2165"]
[Annotator "NA"]
[PlyCount "109"]
[EventDate "2019.??.??"]
[EventCountry "SLO"]
[SourceTitle "playchess.com"]
[Source "ChessBase"]
[SourceQuality "1"]
[TimeControl "40/5400+30:1800+30"]

1. c4 d6 2. Nc3 g6 3. d4 Bg7 4. e4 Nc6 5. d5 Nd4 6. Be3 c5 7. dxc6 Nxc6 8. Qd2 Nf6 9. h3 b6 10. Nf3 Bb7 11. Rc1 O-O 12. Bd3 Nd7 $14 13. b3 Nde5 14. Nxe5 dxe5 15. O-O Nd4 16. Rfd1 Rc8 17. Bb1 a6 18. f4 f6 19. Bxd4 exd4 20. Qxd4 Qc7 21. Nd5 Bxd5 22. exd5 f5 23. Qf2 Qc5 24. Qxc5 bxc5 25. Re1 Bf6 26. Re6 a5 27. Bc2 Rfd8 28. Rce1 Kf7 29. g4 fxg4 30. hxg4 Rd6 31. g5 Bd4+ 32. Kg2 Rc7 33. Kf3 Rb7 34. f5 gxf5 35. Bxf5 Rxe6 36. Rxe6 a4 37. Bc2 axb3 38. axb3 Kg8 39. Rh6 Bg7 40. Rh3 Rb6 41. Bxh7+ Kf7 42. Kg4 Bd4 43. Bc2 Ra6 44. g6+ Kg8 45. Rh2 Ra1 46. Re2 Kf8 47. Kf5 Ke8 48. d6 Rf1+ 49. Kg4 Rg1+ 50. Kf3 Bf6 51. Bf5 Kd8 52. d7 Kc7 53. Re6 Rg5 54. Ke4 Rh5 55. Rc6+ 1-0

[Event "Slovenian chT 2019"]
[Site "Slovenia"]
[Date "2019.12.21"]
[Round "8"]
[White "Rozic, Samo"]
[Black "Riegler, Primoz"]
[Result "1/2-1/2"]
[ECO "B40"]
[WhiteElo "2205"]
[BlackElo "2304"]
[Annotator "NA"]
[PlyCount "96"]
[EventDate "2019.??.??"]
[EventCountry "SLO"]
[SourceTitle "playchess.com"]
[Source "ChessBase"]
[SourceQuality "1"]
[TimeControl "40/5400+30:1800+30"]

1. e4 c5 2. b3 b6 3. Bb2 Bb7 4. Nc3 e6 5. Nf3 a6 6. d4 cxd4 7. Nxd4 Qc7 8. Qd2 Nf6 9. f3 Nc6 10. O-O-O $15 Nxd4 11. Qxd4 Bc5 12. Qd3 O-O 13. Kb1 Be7 14. Qe3 Rac8 15. Bd3 d6 16. g4 Nd7 17. Ne2 Bf6 18. c3 Qc5 19. Nd4 b5 20. Rhg1 g6 21. g5 Bg7 22. Qd2 d5 23. exd5 Bxd5 24. f4 Rfd8 25. h4 Qb6 26. f5 e5 27. f6 Bf8 28. Nc2 Bf3 29. Rdf1 e4 30. Nd4 Ne5 31. Bc2 b4 32. cxb4 Bxb4 33. Qf4 Qa5 34. Ne6 fxe6 35. Qxe5 Kf7 36. h5 Qxe5 37. hxg6+ hxg6 38. Bxe5 Rh8 39. Bd1 Bc3 40. Bxf3 exf3 41. Bxc3 Rxc3 42. Rg3 Rh2 43. Rgxf3 Rcc2 44. Rd3 Rb2+ 45. Kc1 Rxa2 46. Kb1 Rab2+ 47. Ka1 Ra2+ 48. Kb1 Rhb2+ 1/2-1/2

[Event "Slovenian chT 2019"]
[Site "Slovenia"]
[Date "2019.12.21"]
[Round "8"]
[White "Breznik, Kristijan"]
[Black "Rozic, Adrijan"]
[Result "1-0"]
[ECO "C13"]
[WhiteElo "2180"]
[BlackElo "2048"]
[Annotator "NA"]
[PlyCount "69"]
[EventDate "2019.??.??"]
[EventCountry "SLO"]
[SourceTitle "playchess.com"]
[Source "ChessBase"]
[SourceQuality "1"]
[TimeControl "40/5400+30:1800+30"]

1. e4 e6 2. d4 d5 3. Nc3 Nf6 4. Bg5 dxe4 5. Nxe4 Be7 6. Bxf6 Bxf6 7. Nf3 O-O 8. Bc4 Bd7 9. Qe2 Bc6 10. O-O-O Bxe4 11. Qxe4 c6 12. h4 Nd7 13. Kb1 Re8 14. g4 Nf8 15. g5 Be7 16. Rdg1 b5 17. Bd3 Qd5 18. Qg4 Rac8 19. h5 c5 $18 (19... f5 $16 {is more resistant.} 20. gxf6 {[%mdl 64] Discovered Attack} Bxf6) 20. g6 fxg6 21. hxg6 h6 22. Qf4 Bf6 23. Rxh6 Nd7 24. Be4 Qc4 25. Rh5 e5 26. dxe5 Nxe5 27. Nxe5 Qd4 28. c3 Qxe5 29. Rxe5 Rxe5 30. Rd1 b4 31. cxb4 cxb4 32. Bd5+ Kf8 33. Rh1 Ke7 34. Qxb4+ Kd7 35. Qg4+ 1-0

[Event "Slovenian chT 2019"]
[Site "Slovenia"]
[Date "2019.12.21"]
[Round "8"]
[White "Kovacic, Peter"]
[Black "Titan, Matej"]
[Result "1/2-1/2"]
[ECO "C26"]
[WhiteElo "2175"]
[BlackElo "2229"]
[Annotator "NA"]
[PlyCount "60"]
[EventDate "2019.??.??"]
[EventCountry "SLO"]
[SourceTitle "playchess.com"]
[Source "ChessBase"]
[SourceQuality "1"]
[TimeControl "40/5400+30:1800+30"]

1. Nc3 e5 2. e4 Nf6 3. g3 Nc6 4. Bg2 Bc5 5. d3 h6 (5... a6 6. Nge2 d6 7. h3 Be6 8. f4 h6 9. f5 Bd7 10. b3 Nd4 11. Bb2 Bc6 12. Nxd4 Bxd4 13. Qe2 b5 14. Nd1 {1-0 (60) Nakamura,H (2774)-Topalov,V (2749) Saint Louis 2017}) 6. Nge2 {C26: Vienna Game: 2...Nf6, sidelines} a6 7. O-O d6 8. a3 Be6 9. b4 $146 ({Predecessor:} 9. h3 O-O 10. Kh2 d5 11. f4 exf4 12. Nxf4 d4 13. Nce2 Qd7 14. Ng1 Ne5 15. Nf3 Nxf3+ 16. Qxf3 {½-½ (40) Goker,A (1704)-Karagollu,B (1601) Konya 2017}) 9... Ba7 10. Bb2 Nd4 ({Better is} 10... h5 $15 11. h4 Nd4) 11. Nxd4 Bxd4 12. h3 O-O 13. Qd2 a5 14. Nd1 Bxb2 15. Nxb2 Re8 16. c4 c5 (16... Qd7 $15) 17. b5 Nh7 18. f4 exf4 19. gxf4 $14 Rb8 20. f5 Bc8 21. Na4 b6 22. Nc3 Bb7 23. Rae1 Qf6 24. Ne2 Nf8 25. Nf4 Nd7 26. Qf2 Ne5 27. Re3 Kh7 28. Rg3 Rg8 29. Nh5 Qd8 30. Qf4 Bc8 1/2-1/2

[Event "Slovenian chT 2019"]
[Site "Slovenia"]
[Date "2019.12.21"]
[Round "8"]
[White "Belsak, Zan"]
[Black "Vombek, Dani"]
[Result "0-1"]
[ECO "B23"]
[WhiteElo "2172"]
[BlackElo "2283"]
[Annotator "NA"]
[PlyCount "96"]
[EventDate "2019.??.??"]
[EventCountry "SLO"]
[SourceTitle "playchess.com"]
[Source "ChessBase"]
[SourceQuality "1"]
[TimeControl "40/5400+30:1800+30"]

1. e4 c5 2. Nc3 a6 3. f4 b5 4. Nf3 Bb7 5. d3 e6 6. g3 b4 7. Ne2 f5 8. Nd2 Nf6 9. Bg2 $11 d5 10. e5 Nfd7 11. O-O Qc7 12. Nf3 Be7 13. Be3 d4 14. Bc1 Nb6 15. b3 Nd5 16. h3 Nd7 17. Kh2 O-O-O 18. a3 a5 19. Bd2 h6 20. Qb1 g5 21. fxg5 Nxe5 22. Nf4 hxg5 23. Nxe6 Ng4+ 24. Kg1 Qxg3 25. Qe1 Qxe1 26. Rfxe1 Nge3 27. Nxd8 Bxd8 28. Bxe3 Nxe3 29. Rxe3 dxe3 30. axb4 cxb4 31. Ne1 Rh4 32. Bxb7+ Kxb7 33. Kg2 Rf4 34. Nf3 g4 35. hxg4 fxg4 36. Ne5 Rf2+ 37. Kg1 Rxc2 38. Nxg4 e2 39. Ne3 Bb6 40. Kf2 e1=Q+ 41. Kxe1 Bxe3 42. Rxa5 Bc5 43. Kd1 Rc3 44. d4 Bd6 45. Rh5 Kc6 46. Rf5 Rxb3 47. Kc2 Rc3+ 48. Kb2 Rd3 0-1

[Event "Slovenian chT 2019"]
[Site "Slovenia"]
[Date "2019.12.21"]
[Round "8"]
[White "Kaps, Darja"]
[Black "Pozun, Matej"]
[Result "0-1"]
[ECO "B20"]
[WhiteElo "2145"]
[BlackElo "2099"]
[Annotator "NA"]
[PlyCount "151"]
[EventDate "2019.??.??"]
[EventCountry "SLO"]
[SourceTitle "playchess.com"]
[Source "ChessBase"]
[SourceQuality "1"]
[TimeControl "40/5400+30:1800+30"]

1. e4 c5 2. d3 Nc6 3. g3 d5 4. Bg2 dxe4 5. Bxe4 Nf6 6. Bxc6+ bxc6 7. Qf3 Qc7 8. Nc3 Bg4 9. Qg2 e5 10. h3 Be6 11. Nge2 $15 Be7 12. O-O c4 13. d4 Qd7 14. Rd1 Bxh3 15. Qh1 e4 16. Nxe4 Nxe4 17. Qxe4 Bf5 18. Qe5 Kf8 19. Nf4 Bd6 20. Qe2 h5 21. Qxc4 h4 22. d5 c5 23. Be3 hxg3 24. fxg3 Re8 25. Bxc5 Be4 26. Re1 Bxc5+ 27. Qxc5+ Kg8 28. Qc6 Qd8 29. Rxe4 Rxe4 30. Rd1 Rh6 31. d6 Re5 32. c4 g5 33. Qc7 Qe8 34. Ng2 Re2 35. Rf1 g4 36. Rf2 Re1+ 37. Rf1 Rxf1+ 38. Kxf1 Rh1+ 39. Kf2 Qe4 40. Qd8+ Kh7 41. Qf6 Qc2+ 42. Ke3 Qc1+ 43. Ke4 Qxc4+ 44. Ke3 Qc1+ 45. Ke4 Qc6+ 46. Ke3 Qf3+ 47. Qxf3 gxf3 48. Nh4 Rd1 49. Nf5 Kg6 50. g4 Kf6 51. Kxf3 Ke6 52. Ke3 Rg1 53. Kf4 Rg2 54. b3 Rxa2 55. Kg5 Rg2 56. Nh6 Rd2 57. Nf5 Rd5 58. Kh6 Rd3 59. Kg7 Rd1 60. Kf8 Rh1 61. Ng7+ Kxd6 62. Kxf7 Rg1 63. Nf5+ Ke5 64. Nh6 a5 65. Ke7 Kf4 66. Kd6 Rb1 67. Nf5 Rxb3 68. Kc5 Ke4 69. Nd6+ Kd3 70. g5 Rb8 71. g6 Kc3 72. g7 a4 73. Ne4+ Kb2 74. Nf6 a3 75. Nd7 Rg8 76. Kd5 0-1

[Event "Slovenian chT 2019"]
[Site "Slovenia"]
[Date "2019.12.21"]
[Round "8"]
[White "Jelen, Miha"]
[Black "Serdt, Simon"]
[Result "0-1"]
[ECO "B22"]
[WhiteElo "1849"]
[BlackElo "2178"]
[Annotator "NA"]
[PlyCount "98"]
[EventDate "2019.??.??"]
[EventCountry "SLO"]
[SourceTitle "playchess.com"]
[Source "ChessBase"]
[SourceQuality "1"]
[TimeControl "40/5400+30:1800+30"]

1. e4 c5 2. c3 Nf6 3. e5 Nd5 4. d4 cxd4 5. cxd4 Nc6 6. Nf3 d6 7. Bc4 Nb6 8. Bb5 dxe5 9. Nxe5 Bd7 $1 10. Nxd7 $11 Qxd7 11. Nc3 Rd8 12. Be3 g6 13. Qb3 Bg7 14. Rd1 a6 15. Bxc6 Qxc6 16. O-O Nd5 17. Bg5 h6 18. Bh4 g5 19. Bg3 O-O 20. Rfe1 e6 21. Be5 Nxc3 22. bxc3 b5 23. Rd3 Rd5 24. Bxg7 Kxg7 25. Rg3 Rc8 26. h4 Qd6 27. hxg5 hxg5 28. Qd1 Rh8 29. Qg4 Kf8 30. Qe4 Qf4 31. Qxf4 gxf4 32. Rh3 Rxh3 33. gxh3 b4 34. cxb4 Rxd4 35. Rb1 Rd3 36. Kg2 Ra3 37. Rb2 Kg7 38. Rc2 Kg6 39. Rc4 e5 40. Rc2 Kg5 41. Rc5 f6 42. Rc2 e4 43. Rc5+ f5 44. Rc8 f3+ 45. Kg3 f4+ 46. Kh2 Rxa2 47. Rg8+ Kf5 48. Rf8+ Ke5 49. h4 e3 0-1

[Event "Slovenian chT 2019"]
[Site "Slovenia"]
[Date "2019.12.21"]
[Round "8"]
[White "Bajt, Hana"]
[Black "Marn, Jan"]
[Result "0-1"]
[ECO "C54"]
[WhiteElo "1730"]
[BlackElo "2281"]
[Annotator "NA"]
[PlyCount "86"]
[EventDate "2019.??.??"]
[EventCountry "SLO"]
[SourceTitle "playchess.com"]
[Source "ChessBase"]
[SourceQuality "1"]
[TimeControl "40/5400+30:1800+30"]

1. e4 e5 2. Nf3 Nc6 3. Bc4 Bc5 4. c3 Nf6 5. d4 exd4 6. e5 d5 7. Bb5 Ne4 8. cxd4 Bb6 9. h3 O-O 10. O-O Bf5 11. Be3 Ne7 12. Nc3 Bg6 13. Nh4 Nf5 14. Nxf5 $1 Bxf5 15. f3 $11 Ng3 16. Rf2 c6 17. Bd3 Qh4 18. Ne2 f6 19. Nxg3 Bxd3 20. Qxd3 Qxg3 21. f4 fxe5 22. Rf3 Qh4 23. dxe5 Rxf4 24. Bxb6 axb6 25. Raf1 Rxf3 26. Qxf3 Qe7 27. a3 Rf8 28. Qe3 Qc5 29. Re1 Qxe3+ 30. Rxe3 Rf4 31. g3 Rd4 32. Re2 Kf7 33. Kf2 Ke6 34. Kf3 g5 35. Re3 h5 36. Rb3 b5 37. Re3 g4+ 38. hxg4 hxg4+ 39. Ke2 Re4 40. b4 Kxe5 41. Kd3 Rxe3+ 42. Kxe3 d4+ 43. Kd3 Kd5 0-1

[Event "Slovenian chT 2019"]
[Site "Slovenia"]
[Date "2019.12.22"]
[Round "9"]
[White "Ruck, Robert"]
[Black "Borisek, Jure"]
[Result "1/2-1/2"]
[ECO "D27"]
[WhiteElo "2526"]
[BlackElo "2596"]
[Annotator "ChessBase"]
[PlyCount "59"]
[EventDate "2019.??.??"]
[EventCountry "SLO"]
[SourceTitle "playchess.com"]
[Source "ChessBase"]
[SourceQuality "1"]
[TimeControl "40/5400+30:1800+30"]

1. d4 d5 2. c4 dxc4 3. Nf3 Nf6 4. e3 e6 5. Bxc4 c5 6. O-O a6 7. dxc5 Qxd1 8. Rxd1 Bxc5 9. Nbd2 O-O 10. Be2 Rd8 11. a3 Be7 12. b4 b5 13. Bb2 Bb7 14. Nb3 Rxd1+ 15. Rxd1 Nbd7 16. Na5 Bd5 17. Rc1 Nb6 18. Ne5 Rc8 19. Rxc8+ Nxc8 20. f3 Nb6 21. Bd4 Nfd7 22. Nxd7 Nxd7 23. e4 Ba8 24. Kf2 Kf8 25. Ke3 Bd6 26. Kd2 Ke7 27. h3 g5 28. Be3 h6 29. h4 f6 30. Kc3 1/2-1/2

[Event "Slovenian chT 2019"]
[Site "Slovenia"]
[Date "2019.12.22"]
[Round "9"]
[White "Janzelj, Tim"]
[Black "Kovacevic, Blazimir"]
[Result "1/2-1/2"]
[ECO "C08"]
[WhiteElo "2446"]
[BlackElo "2453"]
[Annotator "ChessBase"]
[PlyCount "166"]
[EventDate "2019.??.??"]
[EventCountry "SLO"]
[SourceTitle "playchess.com"]
[Source "ChessBase"]
[SourceQuality "1"]
[TimeControl "40/5400+30:1800+30"]

1. e4 e6 2. d4 d5 3. Nd2 c5 4. Ngf3 Nf6 5. exd5 exd5 6. Bb5+ Bd7 7. Be2 Nc6 8. O-O c4 9. Re1 Be7 10. Nxc4 dxc4 11. d5 Nxd5 12. Qxd5 Be6 13. Qe4 Qd5 14. Qxd5 Bxd5 15. Bg5 f6 16. Bf4 Kf7 17. Rad1 Be6 18. Nd4 Nxd4 19. Rxd4 Bc5 20. Bxc4 Bxd4 21. Rxe6 Rac8 22. Rc6+ Ke7 23. Re6+ Kf7 24. Bd5 Rhe8 25. Re4+ Kg6 26. c3 f5 27. Rxe8 Rxe8 28. Kf1 Be5 29. Be3 b6 30. g3 Kf6 31. Bc6 Rc8 32. Bf3 g5 33. Ke2 f4 34. Bd2 fxg3 35. fxg3 Re8 36. Kd3 Rd8+ 37. Ke2 Re8 38. Kd3 Rd8+ 39. Ke2 Kf5 40. g4+ Kf6 41. h3 Bf4 42. Be1 Re8+ 43. Kf1 Re3 44. Bg2 Bg3 45. Bd2 Re7 46. Bf3 h6 47. Bg2 Re5 48. c4 Re7 49. b3 Be5 50. Bb4 Re8 51. Bc6 Rc8 52. Bd5 Bb2 53. Ke2 Ke5 54. Ke3 Rh8 55. Be1 h5 56. Bg3+ Kf6 57. gxh5 Rxh5 58. Bg2 Rh8 59. Kd3 Rd8+ 60. Bd5 Rh8 61. Bg2 Re8 62. Bc6 Re7 63. Bf3 Ba3 64. Be4 Bc5 65. Be1 Rd7+ 66. Bd5 Kf5 67. Bd2 Rd8 68. Bc3 Re8 69. Bd2 Bf2 70. Bc6 Rd8+ 71. Bd5 Bg3 72. Be3 Bf4 73. Bf2 Bc1 74. Kc2 Ba3 75. Kd3 Re8 76. Be3 Bc5 77. Bd2 Bd6 78. Bc6 Re7 79. Be3 Bf4 80. Bf2 Bc1 81. b4 Ba3 82. c5 Bxb4 83. cxb6 axb6 1/2-1/2

[Event "Slovenian chT 2019"]
[Site "Slovenia"]
[Date "2019.12.22"]
[Round "9"]
[White "Markoja, Boris"]
[Black "Tratar, Marko"]
[Result "1/2-1/2"]
[ECO "E11"]
[WhiteElo "2445"]
[BlackElo "2443"]
[Annotator "NA"]
[PlyCount "103"]
[EventDate "2019.??.??"]
[EventCountry "SLO"]
[SourceTitle "playchess.com"]
[Source "ChessBase"]
[SourceQuality "1"]
[TimeControl "40/5400+30:1800+30"]

1. d4 Nf6 2. c4 e6 3. g3 Bb4+ 4. Bd2 Be7 5. Bg2 d5 6. Nf3 O-O 7. O-O c6 8. Bc3 Ne4 9. Nbd2 f5 10. Nxe4 fxe4 11. Nd2 Nd7 12. e3 a5 13. f3 exf3 14. Bxf3 b5 15. b3 a4 16. cxb5 cxb5 17. a3 Nb6 18. Be2 Bd7 19. Bd3 Rxf1+ 20. Nxf1 g6 21. Qb1 Qe8 22. Bb4 axb3 23. Qxb3 Nc4 24. Qc3 Qf8 25. Bxe7 Qxe7 26. Bxc4 dxc4 27. Nd2 Bc6 28. e4 Qa7 29. Qe3 Rf8 30. Rf1 Rxf1+ 31. Kxf1 e5 32. Nf3 exd4 33. Nxd4 Bd7 34. e5 Bh3+ 35. Kf2 Qf7+ 36. Qf3 Qa7 37. Qe3 Qf7+ 38. Qf3 Qa7 39. Qd5+ Kg7 40. Qd6 Qf7+ 41. Ke3 Qf1 42. Qf6+ Qxf6 43. exf6+ Kxf6 44. Nxb5 Ke5 45. Nc3 g5 46. a4 Bc8 47. Ne4 h6 48. a5 Kd5 49. Nf6+ Kc5 50. Ne4+ Kd5 51. Nf6+ Kc5 52. Ne4+ 1/2-1/2

[Event "Slovenian chT 2019"]
[Site "Slovenia"]
[Date "2019.12.22"]
[Round "9"]
[White "Drnovsek, Gal"]
[Black "Beliavsky, Alexander G"]
[Result "0-1"]
[ECO "D31"]
[WhiteElo "2388"]
[BlackElo "2519"]
[Annotator "ChessBase"]
[PlyCount "62"]
[EventDate "2019.??.??"]
[EventCountry "SLO"]
[SourceTitle "playchess.com"]
[Source "ChessBase"]
[SourceQuality "1"]
[TimeControl "40/5400+30:1800+30"]

1. d4 d5 2. c4 e6 3. Nc3 c6 4. e4 dxe4 5. Nxe4 Bb4+ 6. Nc3 e5 7. a3 Bxc3+ 8. bxc3 Qa5 9. Bd2 Nf6 10. Nf3 Nbd7 11. c5 O-O 12. Bc4 e4 13. Ng5 h6 14. Nh3 b6 15. cxb6 Nxb6 16. Be2 Bxh3 17. gxh3 Qf5 18. O-O Qxh3 19. Kh1 Nbd5 20. c4 Ne7 21. Rb1 Rad8 22. Rb3 Qe6 23. Bb4 Rfe8 24. Bc5 Nf5 25. Qa1 Rd7 26. Qb2 Red8 27. Rb8 e3 28. f3 Ng3+ 29. hxg3 Qh3+ 30. Kg1 Qxg3+ 31. Kh1 Rxb8 0-1

[Event "Slovenian chT 2019"]
[Site "Slovenia"]
[Date "2019.12.22"]
[Round "9"]
[White "Muha, Miljenko"]
[Black "Jelen, Igor"]
[Result "1/2-1/2"]
[ECO "D32"]
[WhiteElo "2313"]
[BlackElo "2343"]
[Annotator "NA"]
[PlyCount "103"]
[EventDate "2019.??.??"]
[EventCountry "SLO"]
[SourceTitle "playchess.com"]
[Source "ChessBase"]
[SourceQuality "1"]
[TimeControl "40/5400+30:1800+30"]

1. Nf3 c5 2. c4 Nf6 3. Nc3 Nc6 4. e3 e6 5. d4 d5 6. cxd5 exd5 7. Bb5 Bd6 8. dxc5 Bxc5 9. O-O O-O 10. b3 Bg4 11. Bb2 Rc8 12. h3 Bh5 13. Be2 Bd6 14. Nd4 Bg6 15. Nxc6 bxc6 16. Ba6 Rc7 17. Bd3 Qe7 18. Ne2 Rd8 19. Rc1 c5 20. Bxg6 hxg6 21. Kh1 Qe6 22. Rc2 g5 23. Bxf6 gxf6 24. Ng1 Rcd7 25. Qg4 Kg7 26. Nf3 Rh8 27. Kg1 Qxg4 28. hxg4 f5 29. Rd1 fxg4 30. Nxg5 Kg6 31. f4 d4 32. Ne4 Re8 33. Nxd6 Rxd6 34. Rxc5 Rxe3 35. Kf2 g3+ 36. Kf1 f6 37. Re1 Rxe1+ 38. Kxe1 Re6+ 39. Kd2 Re4 40. Rc8 Kf5 41. Kd3 Kxf4 42. Rd8 Re1 43. Rxd4+ Kg5 44. Ra4 f5 45. Rxa7 Rg1 46. Ke2 Kg4 47. Ke3 f4+ 48. Ke4 Re1+ 49. Kd3 Rg1 50. Ke4 Re1+ 51. Kd3 Rf1 52. Ke4 1/2-1/2

[Event "Slovenian chT 2019"]
[Site "Slovenia"]
[Date "2019.12.22"]
[Round "9"]
[White "Vombek, Dani"]
[Black "Sakelsek, Tadej"]
[Result "1/2-1/2"]
[ECO "C68"]
[WhiteElo "2283"]
[BlackElo "2422"]
[Annotator "NA"]
[PlyCount "106"]
[EventDate "2019.??.??"]
[EventCountry "SLO"]
[SourceTitle "playchess.com"]
[Source "ChessBase"]
[SourceQuality "1"]
[TimeControl "40/5400+30:1800+30"]

1. e4 e5 2. Nf3 Nc6 3. Bb5 a6 4. Bxc6 dxc6 5. Nc3 Bd6 6. d4 exd4 7. Nxd4 Ne7 8. Be3 c5 9. Nde2 Nc6 10. Bf4 Be6 11. Bxd6 Qxd6 12. Qxd6 cxd6 13. O-O-O O-O-O 14. Nf4 b5 15. Rd2 g5 16. Nfd5 b4 17. Ne2 f5 18. exf5 Bxd5 19. Rxd5 Ne7 20. Rd2 Nxf5 21. f4 gxf4 22. Nxf4 Rhe8 23. Rd5 Ne3 24. Rh5 Re4 25. Re1 Rde8 26. g3 R4e7 27. b3 Kd7 28. Re2 Kc6 29. Rd2 a5 30. Nd5 Nxd5 31. Rhxd5 Re6 32. Rh5 h6 33. Kb2 Rf8 34. Rhd5 Rf1 35. c4 bxc3+ 36. Kxc3 Rc1+ 37. Kb2 Rce1 38. Rh5 R1e5 39. Rh4 d5 40. Ra4 Kb5 41. Rf4 d4 42. Rf8 a4 43. Rb8+ Rb6 44. Ra8 axb3 45. axb3 Kc6 46. Rc2 h5 47. Rc8+ Kd6 48. Rh8 Rb5 49. Rh6+ Kd5 50. Rh8 Rf5 51. Rd8+ Ke4 52. Re8+ Kf3 53. Re1 Kg4 1/2-1/2

[Event "Slovenian chT 2019"]
[Site "Slovenia"]
[Date "2019.12.22"]
[Round "9"]
[White "Gombac, Jan"]
[Black "Rozic, Samo"]
[Result "1/2-1/2"]
[ECO "A95"]
[WhiteElo "2246"]
[BlackElo "2208"]
[Annotator "NA"]
[PlyCount "73"]
[EventDate "2019.??.??"]
[EventCountry "SLO"]
[SourceTitle "playchess.com"]
[Source "ChessBase"]
[SourceQuality "1"]
[TimeControl "40/5400+30:1800+30"]

1. d4 e6 2. c4 f5 3. g3 Nf6 4. Bg2 Be7 5. Nf3 O-O 6. O-O d5 7. Nc3 c6 8. Rb1 Ne4 9. Qc2 a5 10. a3 Nd7 11. b4 axb4 12. axb4 Nb6 13. c5 Nc4 14. Nxe4 fxe4 15. Ne5 Nxe5 16. dxe5 Qc7 17. Bb2 b6 18. Bd4 b5 19. f3 exf3 20. exf3 Bd7 21. f4 Qa7 22. Ra1 Qb7 23. Rxa8 Rxa8 24. g4 Qa7 25. Ra1 Qb8 26. Bf1 Rxa1 27. Bxa1 Qf8 28. Qd2 Be8 29. Bd3 Bg6 30. Bxg6 hxg6 31. Kg2 Qa8 32. Bc3 Qa3 33. Qc2 d4 34. Bd2 Kf7 35. g5 Qa1 36. Qd3 Bf8 37. h3 1/2-1/2

[Event "Slovenian chT 2019"]
[Site "Slovenia"]
[Date "2019.12.22"]
[Round "9"]
[White "Kosmac, Blaz"]
[Black "Suta, Andraz"]
[Result "0-1"]
[ECO "C65"]
[WhiteElo "2241"]
[BlackElo "2242"]
[Annotator "NA"]
[PlyCount "78"]
[EventDate "2019.??.??"]
[EventCountry "SLO"]
[SourceTitle "playchess.com"]
[Source "ChessBase"]
[SourceQuality "1"]
[TimeControl "40/5400+30:1800+30"]

1. e4 e5 2. Nf3 Nc6 3. Bb5 Nf6 4. d3 Bc5 5. Bxc6 dxc6 6. h3 Qe7 7. Nbd2 Be6 8. Qe2 Nd7 9. Nb3 a5 10. Nxc5 Qxc5 11. Ng5 Qe7 12. Nxe6 Qxe6 13. Qg4 Qg6 14. Qxg6 hxg6 15. f4 exf4 16. Bxf4 O-O-O 17. O-O-O Nc5 18. Rdf1 Rd7 19. b3 Ne6 20. Bd2 b6 21. Rf2 Kd8 22. g4 c5 23. h4 Ke8 24. Rh3 Rh7 25. Rfh2 Ke7 26. Be3 Rh8 27. Bf2 a4 28. Bg3 axb3 29. axb3 Ra8 30. h5 gxh5 31. Rxh5 Ra1+ 32. Kd2 Rg1 33. R2h3 Rg2+ 34. Kd1 Nd4 35. Re5+ Kd6 36. Rg5+ Kc6 37. Rxg7 Nxc2 38. Bf4 Nb4 39. Ke1 Nxd3+ 0-1